cohdb
Replays
Latest Replays
All Replays
Popular Replays
Top Player Replays
Match Explorer
How It Works
Community
CoH3 Stats
Reddit
Sign in to upload your games and track your stats! →
Sign in with Steam
Match 41033236
Unlisted
Match 41033236
Overview
Messages
Build Orders
End
Kradschützen Motorcycle Team
Selects Italian Infantry
250 Light Carrier
250 Light Carrier
Construct Light Support Kompanie
Combat Half-tracks
Selects Guastatori Squad
Guastatori Squad
Construct Mechanized Kompanie
Panzerjäger Mechanized Group
2.5-tonne Medical Truck
Guastatori Squad
Selects Defensive Operations
Selects Registered Artillery
250 Light Carrier
Guastatori Squad
Construct Panzerarmee Kommand
Selects Prepared Positions
dl5277
Wilson
Bab00n: surrender is genderfluid
Stalin's Hammer
geeroc
Pico
LittleBirde
Lady Talie
0
0
Comments
sign in to comment!
No comments posted yet!